[Event "FIDE WCCC G12 2018"]
[Site "Santiago de Compostela"]
[Date "2018.11.15"]
[Round "11"]
[White "Shuqja, Klean"]
[Black "Boramanikar Tanisha S"]
[Result "1/2-1/2"]
[ECO "B33"]
[WhiteElo "1798"]
[BlackElo "1716"]
[Annotator "NA"]
[PlyCount "179"]
[EventDate "2018.11.04"]
[EventType "swiss"]
[EventCountry "ESP"]
[SourceTitle "playchess.com"]
[Source "ChessBase"]
[SourceQuality "1"]
[TimeControl "40/5400+30:1800+30"]

1. e4 c5 2. Nf3 Nc6 3. d4 cxd4 4. Nxd4 Nf6 5. Nc3 e5 6. Ndb5 d6 7. Bg5 a6 8. Na3 b5 9. Nd5 Be7 10. Bxf6 Bxf6 11. c3 O-O 12. Nc2 Rb8 13. h4 h6 14. g3 g6 15. Bh3 Be6 16. Nce3 Bg7 17. Qd2 Qd7 18. Bg2 Rbd8 19. h5 Ne7 20. hxg6 fxg6 21. O-O Nxd5 22. Nxd5 Rf7 23. b3 Qc6 24. Nb4 Qb6 25. Nd5 Qc5 26. Qe3 Rc8 27. Rac1 Bxd5 28. exd5 Qxe3 29. fxe3 Rfc7 30. Bh3 Rf8 31. Be6+ Kh7 32. Rxf8 Bxf8 33. c4 Be7 34. e4 Bg5 35. Rc2 Rc5 36. Kf2 Kg7 37. Ke2 bxc4 38. Rxc4 Rxc4 39. bxc4 Kf6 40. a4 a5 41. Kf3 Bd2 42. Bc8 Bb4 43. Be6 h5 44. Bd7 Ke7 45. Be6 Be1 46. Bh3 g5 47. Bf5 Kd8 48. Bg6 h4 49. gxh4 gxh4 50. Bf5 Kc7 51. Kg4 Kb6 52. Bd7 Kc5 53. Bf5 Kxc4 54. Bd7 Kb3 55. Bc6 Kc2 56. Bd7 Kd2 57. Kh3 Ke3 58. Bf5 Kd4 59. Kg4 Bf2 60. Kh3 Bg3 61. Kg4 Ke3 62. Kh3 Be1 63. Bg6 Kf3 64. Bf5 Bg3 65. Bg6 Ke3 66. Bf5 Kd4 67. Bg6 Kc4 68. Bf5 Kc5 69. Bg6 Be1 70. Bf5 Kb6 71. Bg6 Kc7 72. Bf5 Kd8 73. Bg6 Ke7 74. Bf5 Kf6 75. Bh7 Kg5 76. Bf5 Kf4 77. Bh7 Ke3 78. Bf5 Kd2 79. Bg6 Kd3 80. Bf5 Kd4 81. Bg6 Ke3 82. Bf5 Ke2 83. Bg6 Kd3 84. Bf5 Kd4 85. Bg6 Ke3 86. Bf5 Ke2 87. Bg6 Kf1 88. Bf5 Kg1 89. Bg6 Kh1 90. Bf5 1/2-1/2

[Event "FIDE WCCC G12 2018"]
[Site "Santiago de Compostela"]
[Date "2018.11.15"]
[Round "11"]
[White "Starosta, Martyna"]
[Black "Zhu, Jenny"]
[Result "1-0"]
[ECO "B41"]
[WhiteElo "1790"]
[BlackElo "1242"]
[Annotator "NA"]
[PlyCount "69"]
[EventDate "2018.11.04"]
[EventType "swiss"]
[EventCountry "ESP"]
[SourceTitle "playchess.com"]
[Source "ChessBase"]
[SourceQuality "1"]
[TimeControl "40/5400+30:1800+30"]

1. e4 c5 2. Nf3 e6 3. d4 cxd4 4. Nxd4 a6 5. c4 Nf6 6. Nc3 Bb4 7. Qd3 d5 8. cxd5 exd5 9. exd5 Nxd5 10. Bd2 O-O 11. Be2 Re8 12. O-O Bc5 13. Nb3 Nxc3 14. Bxc3 Qxd3 15. Bxd3 Ba7 16. Rfe1 Bd7 17. Na5 Rxe1+ 18. Rxe1 Bc6 19. Nxb7 Nd7 20. Nd6 Nc5 21. Bc4 Ne6 22. Nxf7 Kxf7 23. Rxe6 Bb5 24. Bb3 g6 25. Rxa6+ Ke8 26. Rf6 Rd8 27. Re6+ Kd7 28. Re5 Kc6 29. Re7 Bc5 30. Rxh7 Re8 31. Rg7 Bd3 32. Ba4+ Bb5 33. Rxg6+ Bd6 34. Bxb5+ Kxb5 35. Rxd6 {[%emt 0:00:14] Kc6} 1-0

[Event "FIDE WCCC G12 2018"]
[Site "Santiago de Compostela"]
[Date "2018.11.15"]
[Round "11"]
[White "Munkhzul, Davaakhuu"]
[Black "Denic, Hana"]
[Result "1-0"]
[ECO "C97"]
[WhiteElo "1781"]
[BlackElo "1636"]
[Annotator "NA"]
[PlyCount "148"]
[EventDate "2018.11.04"]
[EventType "swiss"]
[EventCountry "ESP"]
[SourceTitle "playchess.com"]
[Source "ChessBase"]
[SourceQuality "1"]
[TimeControl "40/5400+30:1800+30"]

1. e4 e5 2. Nf3 Nc6 3. Bb5 a6 4. Ba4 Nf6 5. O-O Be7 6. Re1 b5 7. Bb3 O-O 8. h3 d6 9. c3 Na5 10. Bc2 c5 11. d4 Qc7 12. Nbd2 Bd7 13. Nf1 Nc4 14. Ng3 Ne8 15. d5 g6 16. b3 Nb6 17. Nh2 Ng7 18. Ng4 Bxg4 19. hxg4 Bh4 20. Qf3 Qe7 21. Kh2 Bg5 22. Rh1 Bxc1 23. Raxc1 Qg5 24. Rcf1 Ne8 25. Kg1 Nf6 26. Bd1 Nbd7 27. Rh3 Kg7 28. Kh2 Rh8 29. Rh1 h6 30. Kg1 Rh7 31. Qe3 Qxe3 32. fxe3 Nb6 33. Kf2 c4 34. Bf3 Nfd7 35. g5 h5 36. Ne2 Rhh8 37. b4 Na4 38. g4 hxg4 39. Rxh8 Rxh8 40. Rxh8 Kxh8 41. Bxg4 Ndb6 42. Ke1 Kg7 43. Kd2 Kf8 44. Ng1 Ke7 45. Bh3 Nd7 46. Nf3 Nab6 47. Nh2 Nf8 48. Bg4 Nh7 49. Nf3 f6 50. Nh4 fxg5 51. Nxg6+ Kf6 52. Bf5 Nxd5 53. Nh8 Ne7 54. Bxh7 Kg7 55. Bf5 Kxh8 56. Bg4 Kg7 57. Ke2 Kf6 58. Kf3 d5 59. a3 Kg6 60. Be6 dxe4+ 61. Kxe4 Kf6 62. Bg4 Nc6 63. Bc8 a5 64. Bd7 axb4 65. axb4 Na7 66. Kd5 Ke7 67. Bf5 g4 68. Bxg4 Kf6 69. Bh3 Kg5 70. Kxe5 Nc6+ 71. Ke4 Kf6 72. Bd7 Na7 73. Kd5 Ke7 74. Bg4 Kd8 1-0

[Event "FIDE WCCC G12 2018"]
[Site "Santiago de Compostela"]
[Date "2018.11.15"]
[Round "11"]
[White "Nurmanova, Alua"]
[Black "Kairbekova, Amina"]
[Result "1-0"]
[ECO "C00"]
[WhiteElo "1780"]
[BlackElo "1939"]
[Annotator "NA"]
[PlyCount "135"]
[EventDate "2018.11.04"]
[EventType "swiss"]
[EventCountry "ESP"]
[SourceTitle "playchess.com"]
[Source "ChessBase"]
[SourceQuality "1"]
[TimeControl "40/5400+30:1800+30"]

1. e4 e6 2. Qe2 Nc6 3. Nf3 e5 4. c3 Nf6 {[%emt 0:00:28] C00: French: Unusual White 2nd moves} 5. g3 a5 6. Bg2 g6 7. O-O Bg7 8. d3 O-O 9. Nbd2 $146 ({Predecessor:} 9. Na3 d5 10. Nb5 h6 11. Re1 a4 12. Bd2 {½-½ (53) Vajda,A (2353)-Ionescu,C (2482) Bucharest 1999}) 9... d5 10. a4 Re8 11. Rd1 b6 12. Nf1 Ba6 13. Qc2 Qd7 14. Bg5 Bb7 15. Ne3 d4 16. Nc4 h6 17. Bxf6 Bxf6 18. Rac1 Bg7 19. cxd4 exd4 20. Na3 Rac8 21. Nb5 Nb4 22. Qb3 $1 c6 23. Na3 b5 24. h4 Ba6 25. Bf1 Qa7 26. h5 g5 27. Nh2 Rb8 28. Ng4 $2 {[%emt 0:00:46] [#]} (28. Rd2 $15) 28... Bc8 $1 29. Be2 (29. Bh3 $142 Be6 30. Nxh6+ Bxh6 31. Bxe6 Rxe6 32. Nc2) 29... Be6 30. Nc4 bxc4 31. dxc4 {[%emt 0:00:11] [#]} d3 $1 32. Bf3 Red8 33. Rd2 Nc2 34. Qa2 Bxg4 35. Bxg4 Rxb2 36. Rcxc2 dxc2 37. Rxd8+ Bf8 38. Qxb2 Qe7 39. Rxf8+ Qxf8 40. Qxc2 Qb4 41. Kg2 c5 42. e5 Qb7+ 43. f3 Qc7 44. e6 Qe5 45. exf7+ Kf8 46. Qe4 Qb2+ 47. Kh3 Kxf7 48. Qe6+ Kf8 49. Qxh6+ Ke8 50. Qxg5 Qa1 51. Be6 Qh1+ 52. Kg4 Qe1 53. Qg8+ Ke7 54. Qf7+ Kd6 55. Qd7+ Ke5 56. f4+ Ke4 57. Qd5+ Ke3 58. Qe5+ Kf2 59. Qxe1+ Kxe1 60. h6 Kd2 61. h7 Kc2 62. h8=Q Kb3 63. Kf3 Kxa4 64. Qb8 Ka3 65. Bf5 a4 66. Bc2 Ka2 67. Bxa4 Ka1 68. Bc2 1-0

[Event "FIDE WCCC G12 2018"]
[Site "Santiago de Compostela"]
[Date "2018.11.15"]
[Round "11"]
[White "Wagner, Margarethe"]
[Black "Wisniowski, Natalie"]
[Result "1/2-1/2"]
[ECO "C42"]
[WhiteElo "1766"]
[BlackElo "1504"]
[Annotator "NA"]
[PlyCount "111"]
[EventDate "2018.11.04"]
[EventType "swiss"]
[EventCountry "ESP"]
[SourceTitle "playchess.com"]
[Source "ChessBase"]
[SourceQuality "1"]
[TimeControl "40/5400+30:1800+30"]

1. e4 e5 2. Nf3 Nf6 3. Nc3 Bb4 4. d3 d5 5. exd5 Nxd5 6. Bd2 O-O 7. Nxd5 Bxd2+ 8. Qxd2 Qxd5 9. Be2 Nc6 10. O-O h6 11. Rfd1 Rd8 12. c3 b6 13. Qe3 Bb7 14. b4 Re8 15. a4 Rad8 16. Nh4 e4 17. Qg3 Qe5 18. Qxe5 Nxe5 19. d4 Nd7 20. Nf5 Nf6 21. c4 h5 22. Ne3 Rd7 23. Ra2 Red8 24. Rad2 c5 25. bxc5 bxc5 26. d5 g6 27. Rb2 Kf8 28. Rb5 Rc8 29. Rdb1 Ba6 30. R5b2 Ke7 31. h3 Ne8 32. Kf1 f5 33. g3 Nd6 34. Rc1 Rf8 35. Ng2 Kf6 36. Nf4 Rff7 37. Ne6 Rb7 38. Rxb7 Nxb7 39. h4 Re7 40. Ke1 Rxe6 41. dxe6 Kxe6 42. Kd2 Ke5 43. Kc3 Nd6 44. Rd1 Bb7 45. a5 Bc6 46. a6 Nf7 47. Rb1 f4 48. gxf4+ Kxf4 49. Rg1 Ne5 50. Rg5 Bd7 51. Rg1 Bc8 52. Ra1 Nc6 53. Rg1 Ne5 54. Ra1 Nc6 55. Rg1 Ne5 56. Ra1 1/2-1/2

[Event "FIDE WCCC G12 2018"]
[Site "Santiago de Compostela"]
[Date "2018.11.15"]
[Round "11"]
[White "Dakic, Marta"]
[Black "Pang, Ashley"]
[Result "0-1"]
[ECO "B23"]
[WhiteElo "1756"]
[BlackElo "1604"]
[Annotator "NA"]
[PlyCount "70"]
[EventDate "2018.11.04"]
[EventType "swiss"]
[EventCountry "ESP"]
[SourceTitle "playchess.com"]
[Source "ChessBase"]
[SourceQuality "1"]
[TimeControl "40/5400+30:1800+30"]

1. e4 c5 2. Nc3 b6 3. f4 e6 4. Nf3 Bb7 5. g3 a6 6. Bg2 Qc7 7. d3 Nf6 8. O-O Be7 9. Bd2 d5 10. e5 Nfd7 11. Qe2 Nc6 12. a3 Rc8 13. Qf2 O-O 14. Rae1 Ndb8 15. Ne2 b5 16. Kh1 d4 17. g4 Nd7 18. g5 Bd8 19. Ng3 Ne7 20. Ne4 Bxe4 21. Rxe4 Re8 22. Nh4 Nf8 23. Bh3 Rb8 24. Bg4 a5 25. f5 exf5 26. Nxf5 Nxf5 27. Qxf5 Rb7 28. Qf2 b4 29. e6 f6 30. gxf6 Bxf6 31. Rg1 Qe7 32. Bh5 Rc8 33. Rf4 Kh8 34. Bg4 Rb6 35. Rf1 Nxe6 0-1

[Event "FIDE WCCC G12 2018"]
[Site "Santiago de Compostela"]
[Date "2018.11.15"]
[Round "11"]
[White "Savitha Shri B"]
[Black "Zavivaeva, Emilia"]
[Result "1/2-1/2"]
[ECO "D02"]
[WhiteElo "1745"]
[BlackElo "1633"]
[Annotator "NA"]
[PlyCount "75"]
[EventDate "2018.11.04"]
[EventType "swiss"]
[EventCountry "ESP"]
[SourceTitle "playchess.com"]
[Source "ChessBase"]
[SourceQuality "1"]
[TimeControl "40/5400+30:1800+30"]

1. Nf3 d5 2. d4 Nc6 3. c4 e6 4. Nc3 Nf6 5. e3 Be7 6. Ne5 O-O 7. Nxc6 bxc6 8. c5 e5 9. Be2 e4 10. f3 Bf5 11. f4 Qc8 12. h3 Ne8 13. O-O Bh4 14. g4 Bd7 15. Bd2 Rb8 16. Rb1 h5 17. Be1 Qd8 18. Kh2 Kh7 19. g5 Bxe1 20. Qxe1 g6 21. Ba6 Ng7 22. Ne2 Nf5 23. Ng3 Bc8 24. Bxc8 Qxc8 25. Nxf5 gxf5 26. Qa5 a6 27. Qc3 Qb7 28. b4 Rfe8 29. a4 Qa7 30. Rf2 Rb7 31. Rfb2 Reb8 32. g6+ fxg6 33. Qe1 Rg8 34. Qh4 Qb8 35. Qf6 Qe8 36. Rg2 Rg7 37. Rg5 Rg8 38. Rg2 1/2-1/2

[Event "FIDE WCCC G12 2018"]
[Site "Santiago de Compostela"]
[Date "2018.11.15"]
[Round "11"]
[White "Mihelic, Vesna"]
[Black "Cao, Joy"]
[Result "1-0"]
[ECO "B50"]
[WhiteElo "1741"]
[BlackElo "1411"]
[Annotator "NA"]
[PlyCount "133"]
[EventDate "2018.11.04"]
[EventType "swiss"]
[EventCountry "ESP"]
[SourceTitle "playchess.com"]
[Source "ChessBase"]
[SourceQuality "1"]
[TimeControl "40/5400+30:1800+30"]

1. e4 c5 2. Nf3 d6 3. Bc4 Nf6 4. Qe2 Nc6 5. c3 e6 6. Bb3 Be7 7. O-O O-O 8. d4 d5 9. e5 Nd7 10. Bc2 cxd4 11. cxd4 Qb6 12. Bg5 Nxd4 13. Bxh7+ Kh8 14. Nxd4 Bxg5 15. Nf3 Bh6 16. Bd3 Nc5 17. Na3 Nxd3 18. Qxd3 Bd7 19. h4 Qb4 20. Rfd1 Rac8 21. Qe2 Rc5 22. Rd4 Qb6 23. g3 Rc1+ 24. Rd1 Rfc8 25. Raxc1 Bxc1 26. Ng5 Kg8 27. b3 Bxg5 28. hxg5 Qb4 29. Qb2 Qg4 30. Qd2 b5 31. Rc1 Rxc1+ 32. Qxc1 b4 33. Qc7 Be8 34. Qd8 Kf8 35. Nb5 Qd1+ 36. Kg2 Qc2 37. Nd6 Qc6 38. Nxe8 Qxe8 39. Qd6+ Qe7 40. Qb8+ Qe8 41. Qxb4+ Kg8 42. Qd4 Qb8 43. b4 Kf8 44. g6 fxg6 45. a4 Ke7 46. b5 Kd7 47. Qc5 Qc7 48. Qxc7+ Kxc7 49. a5 Kb7 50. Kf3 Kc7 51. Ke3 Kb7 52. Kd4 g5 53. Ke3 g6 54. Kf3 Kc7 55. Kg4 Kb7 56. Kxg5 Kc7 57. Kf4 Kb7 58. Ke3 Kc7 59. Kd4 Kb7 60. f4 Kc7 61. g4 Kd7 62. f5 exf5 63. gxf5 gxf5 64. Kxd5 Ke7 65. b6 axb6 66. axb6 Kd7 67. e6+ 1-0

[Event "FIDE WCCC G12 2018"]
[Site "Santiago de Compostela"]
[Date "2018.11.15"]
[Round "11"]
[White "Volovich, Julia"]
[Black "Oz, Irem Ezra"]
[Result "0-1"]
[ECO "D16"]
[WhiteElo "1735"]
[BlackElo "1564"]
[Annotator "NA"]
[PlyCount "56"]
[EventDate "2018.11.04"]
[EventType "swiss"]
[EventCountry "ESP"]
[SourceTitle "playchess.com"]
[Source "ChessBase"]
[SourceQuality "1"]
[TimeControl "40/5400+30:1800+30"]

1. d4 d5 2. c4 c6 3. Nf3 Nf6 4. Nc3 dxc4 5. a4 e6 6. Bg5 Be7 7. e3 O-O 8. Bxc4 c5 9. O-O cxd4 10. Nxd4 Bd7 11. Qe2 Nc6 12. Rfd1 Nxd4 13. Rxd4 Qc7 14. Nb5 Bxb5 15. Bxb5 Rfd8 16. Rc4 Qa5 17. b4 Qb6 18. Rcc1 a6 19. Bd3 Qxb4 20. Rab1 Qa3 21. Bc2 h6 22. Bh4 Rac8 23. Qe1 Nd5 24. Rb3 Qa2 25. Bxe7 Nxe7 26. Rc3 Rxc3 27. Bh7+ Kxh7 28. Qxc3 Kg8 0-1

[Event "FIDE WCCC G12 2018"]
[Site "Santiago de Compostela"]
[Date "2018.11.15"]
[Round "11"]
[White "Wang, Ellen"]
[Black "Zvereva, Margarita"]
[Result "1-0"]
[ECO "B90"]
[WhiteElo "1711"]
[BlackElo "1787"]
[Annotator "NA"]
[PlyCount "39"]
[EventDate "2018.11.04"]
[EventType "swiss"]
[EventCountry "ESP"]
[SourceTitle "playchess.com"]
[Source "ChessBase"]
[SourceQuality "1"]
[TimeControl "40/5400+30:1800+30"]

1. e4 c5 2. Nf3 d6 3. d4 cxd4 4. Nxd4 Nf6 5. Nc3 a6 6. Bc4 e6 7. O-O b5 8. Bb3 b4 9. Na4 Nxe4 10. Re1 Nc5 11. Nxc5 dxc5 12. Ba4+ Bd7 13. Nxe6 fxe6 14. Qh5+ g6 15. Qe5 Rg8 16. Bg5 Qb6 17. Qf6 Rg7 18. Rxe6+ Qxe6 19. Qxe6+ Be7 20. Bxe7 1-0

[Event "FIDE WCCC G12 2018"]
[Site "Santiago de Compostela"]
[Date "2018.11.15"]
[Round "11"]
[White "Enkhsaran, Batsaikhan"]
[Black "Butenandt, Svenja"]
[Result "0-1"]
[ECO "A46"]
[WhiteElo "1614"]
[BlackElo "1775"]
[Annotator "NA"]
[PlyCount "73"]
[EventDate "2018.11.04"]
[EventType "swiss"]
[EventCountry "ESP"]
[SourceTitle "playchess.com"]
[Source "ChessBase"]
[SourceQuality "1"]
[TimeControl "40/5400+30:1800+30"]

1. d4 Nf6 2. Nf3 e6 3. c4 d5 4. g3 Bb4+ 5. Bd2 Be7 6. Bg2 c6 7. Nc3 O-O 8. Qc2 b6 9. O-O Bb7 10. b3 Nbd7 11. e4 dxe4 12. Nxe4 c5 13. Nxf6+ Bxf6 14. Ng5 Bxg5 15. Bxb7 Rb8 16. Bxg5 Qxg5 17. Bc6 Rfd8 18. dxc5 Qxc5 19. Bg2 Ne5 20. Qe2 Rd4 21. Rad1 Rbd8 22. Be4 g6 23. Bc2 Nc6 24. Be4 Qe5 25. Rxd4 Rxd4 26. Re1 Nb4 27. a3 Na6 28. b4 Qd6 29. Bf3 Rd2 30. Rd1 Rxd1+ 31. Qxd1 Qc7 32. Qd4 Qc8 33. Bg2 Nc7 34. Qd6 Ne8 35. Qe7 Qb8 36. h3 Nd6 37. c5 0-1

[Event "FIDE WCCC G12 2018"]
[Site "Santiago de Compostela"]
[Date "2018.11.15"]
[Round "11"]
[White "Tsirekidze, Barbare"]
[Black "Vicze, Kata"]
[Result "1/2-1/2"]
[ECO "D00"]
[WhiteElo "1611"]
[BlackElo "1828"]
[Annotator "NA"]
[PlyCount "62"]
[EventDate "2018.11.04"]
[EventType "swiss"]
[EventCountry "ESP"]
[SourceTitle "playchess.com"]
[Source "ChessBase"]
[SourceQuality "1"]
[TimeControl "40/5400+30:1800+30"]

1. d4 d5 2. Bf4 Nf6 3. e3 g6 4. Nf3 Bg7 5. h3 O-O 6. Bd3 c5 7. c3 Nc6 {[%emt 0:00:56] D02: 1 d4 d5 2 Nf3 sidelines, including 2...Nf6 3 g3 and 2...Nf6 3 Bf4} 8. O-O Nd7 9. Nbd2 e5 10. dxe5 Ndxe5 11. Nxe5 {[%emt 0:00:49] LiveBook: 4 Games} (11. Be2 Nxf3+ {½-½ (11) Jojua,D (2575)-Mchedlishvili,M (2601) Tbilisi 2017}) 11... Nxe5 12. Bc2 b6 13. Nf3 Nxf3+ (13... Nc4 $5 ) 14. Qxf3 Bb7 15. Rfd1 $146 ({Predecessor:} 15. Rad1 Qc8 {1-0 (38) Frometa Castillo,Z (2132)-Corrales Jimenez,Z (2200) Holguin 2010}) 15... Qe7 16. Qg3 Rad8 17. Ba4 Qe6 18. Rd2 a6 19. Bb3 c4 20. Bc2 b5 21. Rad1 a5 22. e4 b4 23. exd5 Rxd5 24. Rxd5 Bxd5 25. Qe3 (25. Bd6 $11) 25... Qc6 26. f3 Re8 27. Qd2 Qc5+ $15 28. Kh1 Bc6 29. cxb4 axb4 30. Bd6 Qh5 31. Bxb4 Bh6 1/2-1/2

[Event "FIDE WCCC G12 2018"]
[Site "Santiago de Compostela"]
[Date "2018.11.15"]
[Round "11"]
[White "Ke, Rianne"]
[Black "Cornileau, Juliette"]
[Result "1-0"]
[ECO "B31"]
[WhiteElo "1600"]
[BlackElo "1740"]
[Annotator "NA"]
[PlyCount "53"]
[EventDate "2018.11.04"]
[EventType "swiss"]
[EventCountry "ESP"]
[SourceTitle "playchess.com"]
[Source "ChessBase"]
[SourceQuality "1"]
[TimeControl "40/5400+30:1800+30"]

1. e4 c5 2. Nf3 Nc6 3. Bb5 g6 4. O-O Bg7 5. c3 Nf6 6. e5 Nd5 7. d4 cxd4 8. cxd4 O-O 9. Nc3 Nc7 10. Bf4 Nxb5 11. Nxb5 a6 12. Nc3 f6 13. Qd2 fxe5 14. dxe5 b5 15. Ne4 Kh8 16. Rfd1 Qe8 17. Bh6 Qf7 18. Rac1 Nd8 19. Rc3 Ne6 20. Nfg5 Nxg5 21. Nxg5 Qg8 22. Rh3 Qc4 23. Bxg7+ Kxg7 24. Rxh7+ Kg8 25. Rxe7 Qxa2 26. Qd6 Kh8 27. Rh7+ 1-0

[Event "FIDE WCCC G12 2018"]
[Site "Santiago de Compostela"]
[Date "2018.11.15"]
[Round "11"]
[White "Zhai, Pinran"]
[Black "Weersing, Abigail Riis"]
[Result "1/2-1/2"]
[ECO "B00"]
[WhiteElo "1558"]
[BlackElo "1649"]
[Annotator "NA"]
[PlyCount "55"]
[EventDate "2018.11.04"]
[EventType "swiss"]
[EventCountry "ESP"]
[SourceTitle "playchess.com"]
[Source "ChessBase"]
[SourceQuality "1"]
[TimeControl "40/5400+30:1800+30"]

1. e4 d6 2. d4 Nf6 3. Bd3 g6 4. c3 Bg7 5. Ne2 Nbd7 6. O-O O-O 7. f3 e5 8. Be3 c6 9. Nd2 d5 10. Ng3 Re8 11. f4 dxe4 12. Ndxe4 Nd5 13. Bc1 exd4 14. cxd4 Bxd4+ 15. Kh1 Bg7 16. f5 Rf8 17. Rb1 Ne5 18. fxg6 hxg6 19. Be2 b6 20. Qb3 Be6 21. Ng5 Bg4 22. Bxg4 Nxg4 23. Bd2 Qd7 24. Rbd1 Qb7 25. N3e4 Qc7 26. Qh3 Nh6 27. Nf3 Nf5 28. Nfg5 1/2-1/2

[Event "FIDE WCCC G12 2018"]
[Site "Santiago de Compostela"]
[Date "2018.11.15"]
[Round "11"]
[White "Schiopu, Oana-Magdalena"]
[Black "Ivanova, Dilyana"]
[Result "1/2-1/2"]
[ECO "B23"]
[WhiteElo "1526"]
[BlackElo "1775"]
[Annotator "NA"]
[PlyCount "42"]
[EventDate "2018.11.04"]
[EventType "swiss"]
[EventCountry "ESP"]
[SourceTitle "playchess.com"]
[Source "ChessBase"]
[SourceQuality "1"]
[TimeControl "40/5400+30:1800+30"]

1. e4 c5 2. Nc3 Nc6 3. f4 g6 4. Nf3 Bg7 5. Bb5 Nd4 6. O-O a6 7. Bc4 e6 8. a4 Ne7 9. Nxd4 cxd4 10. Ne2 d5 11. exd5 exd5 12. Bb3 Bg4 13. Qe1 O-O 14. h3 Bxe2 15. Qxe2 Qd6 16. Qf3 Rad8 17. Kh1 Bf6 18. d3 Rfe8 19. g4 Nc6 20. Bd2 Bh4 21. Rad1 Bg5 1/2-1/2

[Event "FIDE WCCC G12 2018"]
[Site "Santiago de Compostela"]
[Date "2018.11.15"]
[Round "11"]
[White "Mahi Amit Doshi"]
[Black "Mellor, Jessica"]
[Result "1-0"]
[ECO "A84"]
[WhiteElo "1515"]
[BlackElo "1555"]
[Annotator "NA"]
[PlyCount "73"]
[EventDate "2018.11.04"]
[EventType "swiss"]
[EventCountry "ESP"]
[SourceTitle "playchess.com"]
[Source "ChessBase"]
[SourceQuality "1"]
[TimeControl "40/5400+30:1800+30"]

1. d4 f5 2. c4 Nf6 3. Nf3 e6 4. g3 b6 5. Bg2 Bb7 6. O-O Be7 7. Nc3 O-O 8. b3 Qe8 9. Bb2 d6 10. d5 e5 11. Ng5 Bc8 12. Nb5 Bd8 13. Ne6 Bxe6 14. dxe6 e4 15. Bxf6 Rxf6 16. e7 Kh8 17. exd8=Q Qxd8 18. f3 exf3 19. Bxf3 c6 20. Nd4 Qe8 21. Qd3 Qe5 22. b4 d5 23. cxd5 cxd5 24. Nb5 Na6 25. a3 Nc7 26. Nxc7 Qxc7 27. Rac1 Qd7 28. Rfd1 h6 29. Qxd5 Qxd5 30. Rxd5 Re8 31. Rc7 Rfe6 32. Rdd7 Re3 33. Rxg7 Rxa3 34. Rh7+ Kg8 35. Bd5+ Re6 36. Bxe6+ Kf8 37. Rh8# 1-0

[Event "FIDE WCCC G12 2018"]
[Site "Santiago de Compostela"]
[Date "2018.11.15"]
[Round "11"]
[White "Berezovsky, Fiorina"]
[Black "Francisco Guecamburu, Candela Be"]
[Result "1/2-1/2"]
[ECO "D02"]
[WhiteElo "1492"]
[BlackElo "1725"]
[Annotator "NA"]
[PlyCount "88"]
[EventDate "2018.11.04"]
[EventType "swiss"]
[EventCountry "ESP"]
[SourceTitle "playchess.com"]
[Source "ChessBase"]
[SourceQuality "1"]
[TimeControl "40/5400+30:1800+30"]

1. d4 d5 2. Nf3 Nf6 3. c4 e6 4. g3 dxc4 5. Qa4+ Bd7 6. Qxc4 Bc6 7. Bg2 Bd5 8. Qa4+ Qd7 9. Qxd7+ Nbxd7 10. Nc3 c6 11. O-O Be7 12. Re1 Bxf3 13. Bxf3 Nb6 14. e4 Rd8 15. Be3 O-O 16. b3 Bb4 17. Rec1 Ba3 18. Rc2 Rd7 19. Rd1 Rfd8 20. Kf1 Bb4 21. Ke2 Kf8 22. h3 Ke8 23. Bg2 e5 24. dxe5 Bxc3 25. Rxd7 Nfxd7 26. Rxc3 Nxe5 27. f4 Ng6 28. h4 Nd7 29. h5 Ne7 30. g4 b6 31. g5 c5 32. Kf2 Nb8 33. f5 g6 34. f6 Nec6 35. hxg6 hxg6 36. Rc1 Kf8 37. Bf4 Kg8 38. e5 Nb4 39. Bf1 N8c6 40. a4 Nd3+ 41. Bxd3 Rxd3 42. e6 fxe6 43. Rh1 Kf7 44. Rh6 Kg8 1/2-1/2

[Event "FIDE WCCC G12 2018"]
[Site "Santiago de Compostela"]
[Date "2018.11.15"]
[Round "11"]
[White "Gulieva, Karina"]
[Black "Eswaran, Aksithi"]
[Result "1/2-1/2"]
[ECO "A00"]
[WhiteElo "1475"]
[BlackElo "1760"]
[Annotator "NA"]
[PlyCount "99"]
[EventDate "2018.11.04"]
[EventType "swiss"]
[EventCountry "ESP"]
[SourceTitle "playchess.com"]
[Source "ChessBase"]
[SourceQuality "1"]
[TimeControl "40/5400+30:1800+30"]

1. Nh3 e5 2. d4 exd4 3. Qxd4 Nc6 4. Qe3+ Be7 5. g3 Nf6 6. Bg2 O-O 7. O-O d5 8. Nf4 Nb4 9. Qd2 Bf5 10. Na3 c6 11. c3 Na6 12. Nc2 Ne4 13. Qd1 Re8 14. Ne3 Nd6 15. Nxf5 Nxf5 16. e4 dxe4 17. Bxe4 Nd6 18. Bg2 Bf8 19. Qc2 Qc7 20. Nh3 Nc5 21. Be3 Ne6 22. Ng5 Nxg5 23. Bxg5 Qa5 24. Bf4 Qb5 25. Rfe1 Rxe1+ 26. Rxe1 Re8 27. Rxe8 Nxe8 28. Bf1 Qd5 29. c4 Qd7 30. Bd3 g6 31. Be3 b6 32. Be4 c5 33. Qd3 Qxd3 34. Bxd3 Bd6 35. Bd2 Nf6 36. a3 Nd7 37. f4 Be7 38. Bc3 Kf8 39. f5 Bf6 40. Bxf6 Nxf6 41. h3 Ke7 42. g4 Kd6 43. Kf2 Ke5 44. Ke3 g5 45. b4 h5 46. Be2 hxg4 47. hxg4 a5 48. bxa5 bxa5 49. Bd1 Nd7 50. Ba4 1/2-1/2